 Dungeon Crawl Stone Soup version 0.24.1-14-gf8d2b509d9 (webtiles) character file.

Game seed: 9241427527921496648, levelgen mode: deterministic

115 mortelune the Insei (level 5, -9/34 HPs)
             Began as an Octopode Transmuter on May 17, 2020.
             Was an Initiate of Cheibriados.
             Killed by divine providence
             ... invoked by an orc priest
              (11 damage)
             ... on level 3 of the Dungeon.
             The game lasted 00:04:37 (3356 turns).

mortelune the Insei (Octopode Transmuter)           Turns: 3356, Time: 00:04:37

Health: -9/34      AC:  0    Str: 11    XL:     5   Next: 0%
Magic:  3/9        EV: 20    Int: 17    God:    Cheibriados [......]
Gold:   151        SH:  0    Dex: 18    Spells: 4/10 levels left

rFire    . . .     SeeInvis .     - Unarmed
rCold    . . .     Gourm    .   (shield currently unavailable)
rNeg     . . .     Faith    .   (helmet currently unavailable)
rPois    x         Spirit   .   (no amulet)
rElec    .         Reflect  .   m - -2 ring of protection (curse)
rCorr    .         Harm     .   (no ring)
MR       .....                  (no ring)
Stlth    ++........             (no ring)
HPRegen  0.11/turn              (no ring)
MPRegen  0.11/turn              (no ring)
                                (no ring)
                                (no ring)

@: spider-form (expiring), very slightly contaminated, very slow
A: tiny, almost no armour, stealthy swim, (amphibious), 8 rings, (constrict 8)
a: End Transformation, Bend Time, Renounce Religion


You were on level 3 of the Dungeon.
You worshipped Cheibriados.
Cheibriados was noncommittal.
You were not hungry.
You were a venomous arachnid creature.
You visited 1 branch of the dungeon, and saw 3 of its levels.

You collected 151 gold pieces.

Inventory:

Missiles
 d - 49 arrows
 Q - 55 stones (quivered)
Jewellery
 m - a cursed -2 ring of protection (left front leg)
Scrolls
 f - 2 scrolls of fog
 g - a scroll of amnesia
 l - 2 scrolls of noise
 t - 3 scrolls of teleportation
Potions
 a - a potion of agility {unknown}
 b - 2 potions of resistance {unknown}
 e - a potion of lignification {unknown}
 h - 2 potions of flight {unknown}
 k - a potion of brilliance
Comestibles
 c - 4 rations
 j - 2 chunks of flesh


   Skills:
 + Level 1.9 Fighting
 + Level 2.5 Dodging
 + Level 3.4 Unarmed Combat
 * Level 3.0 Spellcasting
 * Level 3.0 Transmutations


You had 4 spell levels left.
You knew the following spells:

 Your Spells              Type           Power        Failure   Level  Hunger
a - Beastly Appendage     Tmut           ##....       14%         1    None
b - Sticks to Snakes      Tmut           ##......     21%         2    ##.....
c - Spider Form           Tmut/Pois      #.........   50%         3    ###....

Your spell library contained the following spells:

 Spells                   Type           Power        Failure   Level  Hunger
 Ice Form                 Ice/Tmut       #.......     85%         4    ####...
 Blade Hands              Tmut           ##........   92%         5    ######.


Dungeon Overview and Level Annotations

Branches:
Dungeon (3/15)

Altars:
Cheibriados
Dithmenos
Gozag
Hepliaklqana
Qazlal
Trog
Vehumet
Wu Jian
Yredelemnul

Annotations:
D:2 1 runed translucent door, Crazy Yiuf


Innate Abilities, Weirdness & Mutations

You cannot wear most types of armour.
You are very stealthy in the water. (Stealth+)
((You are amphibious.))
You can wear up to eight rings at the same time.
((You can use your tentacles to constrict eight enemies at once.))
((Your skin changes colour to match your surroundings (Stealth+).))
((Your rubbery body absorbs attacks. (AC +1, EV +1)))


Message History

Beogh smites you!
* * * LOW HITPOINT WARNING * * *
The orc priest completely misses you. The orc priest barely misses you.
Items here: ))) [[ †† You hit the orc priest.
The orc priest is poisoned.
The orc priest is heavily wounded.
You hit the orc priest.
The orc priest looks as sick as possible!
The orc priest is heavily wounded.
The orc priest hits you with a +0 mace.
* * * LOW HITPOINT WARNING * * *
You hit the orc priest but do no damage.
The orc priest looks as sick as possible!
The orc priest is severely wounded.
The orc priest completely misses you.
You barely miss the orc priest.
The orc priest is almost dead.
The orc priest mumbles some strange prayers to Beogh against you.
Beogh smites you!
You die...

################
#>..............
#.....o....$....
#o##############
#s##...........#
#.##.#########.#
#.##.# #.#
#.##.# #.#
#.##.# #.#
#....# #.#
###### #.#
#####.# #.....#


You could see an orc priest.

Vanquished Creatures
  An orc wizard (D:3)
  A howler monkey zombie (D:3)
  An adder (D:3)
  2 worms (D:2)
  3 dart slugs
  A leopard gecko (D:2)
  6 orcs (D:3)
  3 giant cockroaches
  8 hobgoblins
  2 jackals (D:2)
  A ball python (D:2)
  3 bats
  4 frilled lizards
  2 goblins
  4 kobolds
  7 rats
49 creatures vanquished.

Notes
Turn   | Place    | Note
-------+----------+-------------------------------------------
     0 | D:1      | mortelune the Octopode Transmuter began the quest for the
                  | Orb.
     0 | D:1      | Reached XP level 1. HP: 13/13 MP: 3/3
   425 | D:1      | Reached XP level 2. HP: 18/18 MP: 5/5
  1160 | D:2      | Reached XP level 3. HP: 23/23 MP: 6/6
  1299 | D:1      | Learned a level 2 spell: Sticks to Snakes
  1303 | D:1      | Learned a level 3 spell: Spider Form
  1457 | D:2      | Found an opulent altar of Gozag.
  1463 | D:2      | Found a shadowy altar of Dithmenos.
  1464 | D:2      | Found a bloodstained altar of Trog.
  1464 | D:2      | Found a basalt altar of Yredelemnul.
  1465 | D:2      | Found a radiant altar of Vehumet.
  1465 | D:2      | Found a hazy altar of Hepliaklqana.
  1466 | D:2      | Found a stormy altar of Qazlal.
  2052 | D:2      | Found an ornate altar of the Wu Jian Council.
  2052 | D:2      | Found a snail-covered altar of Cheibriados.
  2539 | D:2      | Found a runed translucent door.
  2540 | D:2      | Noticed Crazy Yiuf
  2676 | D:2      | Became a worshipper of Cheibriados the Contemplative
  2811 | D:3      | Reached XP level 4. HP: 22/29 MP: 4/8
  3351 | D:3      | Reached XP level 5. HP: 18/34 MP: 3/9
  3356 | D:3      | Killed from afar by an orc priest

Levels and vault maps discovered:
D:1:      dpeg_arrival_stone_temple_mockup, layout_basic
D:2:      layout_loops_corners, chequers_temple_overflow_statue_of_worship,
          grunt_temple_overflow_open, first_ration, uniq_crazy_yiuf_cottage
D:3:      layout_basic

Skill      XL: |  1  2  3  4 |
---------------+-------------+-----
Spellcasting   | 3 |  3.0
Transmutations | 3 |  3.0
Fighting       | |  1.9
Dodging        | |  2.5
Unarmed Combat | |  3.4

Action                   |  1- 3 |  4- 6 || total
-------------------------+-------+-------++-------
Melee: Unarmed           |    84 |    50 ||   134
       Constrict         |    25 |     7 ||    32
       Tentacles         |    16 |     3 ||    19
       Kick              |     4 |       ||     4
       Punch             |       |     1 ||     1
 Cast: Beastly Appendage |     4 |       ||     4
       Spider Form       |     2 |     2 ||     4
  Use: Scroll            |       |     5 ||     5
 Stab: Sleeping          |     8 |     1 ||     9
  Eat: Chunk             |     6 |     2 ||     8
Armor: Skin              |     4 |     4 ||     8
Dodge: Dodged            |    52 |    29 ||    81
